 Dungeon Crawl Stone Soup version 0.20.1-1-g8b1a95d (webtiles) character file.

492976 Jazqa the Slayer (level 25, 0/176 HPs)
             Began as a Gargoyle Berserker on Nov 3, 2017.
             Was the Champion of Trog.
             Killed by the air
             ... invoked by a titan
              (25 damage)
             ... on level 5 of the Vaults on Nov 4, 2017.
             The game lasted 02:01:18 (54434 turns).

Jazqa the Slayer (Gargoyle Berserker)              Turns: 54434, Time: 02:01:19

Health: 0/176      AC: 58    Str: 36    XL:     25   Next: 8%
Magic:  23/23      EV: 14    Int: 14    God:    Trog [******]
Gold:   3740       SH: 34    Dex: 13    Spells: 24/24 levels left

rFire    + + .     SeeInvis .   k - +9 eveningstar (drain)
rCold    + . .     Gourm    .   U - +8 large shield {AC+3}
rNeg     + . .     Faith    +   W - +0 gold dragon scales
rPois    ∞         Spirit   .   n - +1 helmet {Int+3}
rElec    +         Reflect  .   X - +2 cloak {MR+}
rCorr    .         Harm     .   R - +2 pair of gloves
MR       ++++.                  z - +0 pair of boots {Fly}
Stlth    ..........             H - amulet of faith {!P}
Regen    0.4/turn               S - ring of Zigynur {+Fly MR+ Str+4 Int+3 Dex+3}
MPRegen  0.2/turn               A - ring "Giuw" {rF+ MR+}

@: about to teleport, flying, studying Shields, drained
A: big wings, blurry vision 1, negative energy resistance 1, electricity
resistance, unbreathing, petrification resistance, rot immunity, MP-powered
wands, AC +19
}: 2/15 runes: decaying, gossamer
a: Stop Flying, Berserk, Trog's Hand, Brothers in Arms, Burn Spellbooks,
Renounce Religion


You were on level 5 of the Vaults.
You worshipped Trog.
Trog was exalted by your worship.
You were not hungry.

You visited 7 branches of the dungeon, and saw 40 of its levels.

You collected 5328 gold pieces.
You spent 1588 gold pieces at shops.


Innate Abilities, Weirdness & Mutations

You are resistant to torment.
Your stone body is resilient. (AC +19)
You are immune to poison.
Your large and strong wings let you fly indefinitely.
You resist negative energy. (rN+)
You are resistant to electric shocks. (rElec)
You can survive without breathing.
You are immune to petrification.
You are immune to rotting.
Scrolls take you a little longer to read.
You expend magic power (3 MP) to strengthen your wands.


   Skills:
 + Level 23.1(22.8) Fighting
 - Level 16.0(15.7) Maces & Flails
 + Level 21.4(21.1) Armour
 + Level 14.4(14.2) Dodging
 + Level 22.2(21.9) Shields


You had 24 spell levels left.
You didn't know any spells.

Inventory:

Hand Weapons
 k - a +9 eveningstar of draining (weapon)
 u - a +4 demon whip of venom
Armour
 n - a +1 helmet of intelligence (worn)
 z - a +0 pair of boots of flying (worn)
 R - a +2 pair of gloves (worn)
 U - a +8 large shield of protection (worn)
 W - +0 gold dragon scales (worn)
 X - a +2 cloak of magic resistance (worn)
Jewellery
 f - an uncursed ring of protection from fire
 y - the ring "Lofrux" {Fire MR+ Int+4 Dex+4}
   (You found it on level 4 of the Depths)

   [ring of fire]

   It enhances your fire magic.
   It affects your intelligence (+4).
   It affects your dexterity (+4).
   It protects you from fire.
   It makes you vulnerable to cold.
   It affects your resistance to hostile enchantments.
 A - the ring "Giuw" (right hand) {rF+ MR+}
   (You found it on level 4 of the Depths)

   [ring of protection from fire]

   It protects you from fire.
   It affects your resistance to hostile enchantments.
 F - the ring of Uplu {rElec rN+ Int+3 Stlth+}
   (You found it on level 5 of the Vaults)

   [ring of positive energy]

   It affects your intelligence (+3).
   It insulates you from electricity.
   It protects you from negative energy.
   It makes you more stealthy.
 G - the ring of Zyowkuop {Ice MR+}
   (You found it on level 2 of the Depths)

   [ring of ice]

   It enhances your ice magic.
   It makes you vulnerable to fire.
   It protects you from cold.
   It affects your resistance to hostile enchantments.
 H - an amulet of faith (around neck) {!P}
 N - an uncursed ring of positive energy
 S - the ring of Zigynur (left hand) {+Fly MR+ Str+4 Int+3 Dex+3}
   (You took it off a vampire knight on level 4 of the Depths)

   [ring of flight]

   It affects your strength (+4).
   It affects your intelligence (+3).
   It affects your dexterity (+3).
   It affects your resistance to hostile enchantments.
   It lets you fly.
Wands
 d - a wand of digging (23/24)
Scrolls
 a - 5 scrolls of fear
 b - 3 scrolls of brand weapon
 h - a scroll of holy word
 r - 9 scrolls of teleportation {@r4}
 s - 2 scrolls of immolation {!r}
 v - 3 scrolls of magic mapping
 D - 2 scrolls of blinking
 J - 22 scrolls of remove curse {@r2}
 O - 5 scrolls of fog
 P - 3 scrolls of silence {!r}
 Q - 5 scrolls of recharging
Potions
 c - a potion of heal wounds {@q2}
 e - 3 potions of resistance
 l - 6 potions of ambrosia
 m - 14 potions of curing {@q1}
 o - 8 potions of mutation {!q}
 q - 6 potions of lignification {!q}
 t - 6 potions of might
 x - 6 potions of haste {@q3}
 B - 2 potions of invisibility
 C - 2 potions of brilliance
 K - 5 potions of cancellation
Books
 w - a manual of Shields {!d}
Miscellaneous
 j - a sack of spiders
 I - a lamp of fire
 L - a phantom mirror
Comestibles
 g - a chunk of flesh
 i - 22 meat rations {@e1}
 p - 20 fruits {@e2}
 E - 29 bread rations {@e1}

Dungeon Overview and Level Annotations

Branches:
Dungeon (15/15)            Temple (0/1) D:7            Lair (6/6) D:9
  Swamp (4/4) Lair:4       Spider (4/4) Lair:3        Slime (0/5) Lair:5
    Orc (2/2) D:10            Elf (0/3) Orc:2        Vaults (5/5) D:13
  Crypt (0/3) Vaults:2     Depths (4/5) D:15

Altars:
Ashenzari
Dithmenos
Okawaru
Qazlal
Ru
Vehumet
Xom
Yredelemnul
Zin
The Shining One
Beogh

Shops:
D:14 [   Orc:2 [(([   Vaults:4 =   Depths:1 :   Depths:4 %}

Portals:
Hell: Depths:1 Depths:2 Depths:3 Depths:4
Abyss: Depths:2 Depths:4
Pandemonium: Depths:3
Ziggurat: Depths:3
Trove: D:12 (show abyssal rune of Zot)

Annotations:
D:9 exclusion: ice statue
Lair:4 exclusion: 2 oklob plants

▓......▓▓▓▓▓▓▓▓▓▓▓▓▓▓▓▓▓▓▓....
▓..............!..............
▓..1eC.......................(
▓.1..Q[......................(
▓..))p..............[).(.(...)
▓.....▓▓▓▓▓▓▓▓▓▓▓▓▓▓▓▓▓▓▓▓▓▓((
▓.....C.1............/........
▓..▓.....CD..................▓
▓.[▓...p...2.@...............▓
▓..▓..▓▓▓▓▓▓▓▓▓▓▓▓▓▓▓▓▓▓▓▓▓..▓
▓..▓... ▓..▓ ▓. ▓... ▓..▓ ▓..▓
...▓


You could see a shadow dragon, a titan, a frost giant, an Ice Fiend, a balrug
and an ironbrand convoker.


Message History

Unknown command.
Your surroundings seem slightly different.
Unknown command.
Really read with blurry vision while enemies are nearby? [Y]es or [N]o only, please.
Really read with blurry vision while enemies are nearby?
Okay, then.
Really read with blurry vision while enemies are nearby?
The ironbrand convoker points at the sky beast and mumbles some strange words.
The sky beast seems to grow stronger.
The frost giant points at you and mumbles some strange words.
The bolt of cold hits something.
The bolt of cold misses you.
The sky beast changes into a hippogriff!
The shadow dragon breathes negative energy at you.
The bolt of negative energy hits something.
The bolt of negative energy hits you! You partially resist.
You feel drained.
The ironbrand convoker casts a spell at the Ice Fiend.
The Ice Fiend seems to grow stronger.
As you read the scroll of teleportation {@r4}, it crumbles to dust.
You feel strangely unstable.
Unknown command.
The hippogriff changes into something you cannot see!
Unknown command.
The frost giant points at you and mumbles some strange words.
The bolt of cold misses you.
Unknown command.
You hear some strange, mumbled words.
The titan waves its arms in wide circles.
The air twists around and violently strikes you in flight!
You die...

Skill      XL: |  1  2  3  4  5  6  7  8  9 10 11 12 13 14 15 16 17 18 19 20 21 22 23 24 |
---------------+-------------------------------------------------------------------------+-----
Maces & Flails | 4 5 6 7 9 10 12 13 14 15 16 | 16.0
Shields        | 3 4 6 7 11 14 16 17 18 19 20 21 22 | 22.2
Fighting       | 5 8 10 12 14 15 16 17 18 19 20 21 22 23 | 23.1
Armour         | 4 8 11 12 13 15 16 17 18 19 20 21 | 21.4
Dodging        | 5 7 9 10 11 12 13 14 | 14.4

Action                   |  1- 3 |  4- 6 |  7- 9 | 10-12 | 13-15 | 16-18 | 19-21 | 22-24 | 25-27 || total
-------------------------+-------+-------+-------+-------+-------+-------+-------+-------+-------++-------
Melee: Mace              |   134 |    87 |   253 |       |       |       |       |       |       ||   474
       Flail             |       |       |   186 |   828 |   522 |       |       |       |       ||  1536
       Dire flail        |       |       |       |       |   456 |       |       |       |       ||   456
       Eveningstar       |       |       |       |       |   763 |  1548 |  1623 |  1791 |    20 ||  5745
Invok: Berserk           |     1 |     3 |    10 |    16 |    25 |     6 |     8 |     9 |       ||    78
       Burn Spellbooks   |       |       |       |     2 |     4 |     1 |     3 |     5 |       ||    15
       Trog's Hand       |       |       |       |     1 |     2 |     6 |     5 |     1 |       ||    15
       Brothers in Arms  |       |       |       |       |     8 |     5 |     3 |     5 |       ||    21
 Abil: Stop Flying       |       |       |       |       |     1 |       |       |       |       ||     1
       Evoke Flight      |       |       |       |       |     1 |       |       |       |       ||     1
Evoke: Lamp of fire      |       |       |       |       |       |       |     1 |       |       ||     1
       Wand              |       |       |       |       |       |       |       |     1 |       ||     1
  Use: Scroll            |     2 |       |     8 |    17 |    18 |     9 |    10 |    21 |     3 ||    88
       Potion            |       |       |       |     4 |     4 |     3 |     3 |     2 |       ||    16
 Stab: Sleeping          |     1 |       |     1 |       |       |       |       |       |       ||     2
       Petrified         |       |       |       |     5 |       |       |       |       |       ||     5
       Distracted        |       |       |       |       |     1 |       |     1 |     1 |       ||     3
  Eat: Chunk             |     2 |     7 |    23 |    29 |    56 |    34 |    39 |    29 |       ||   219
       Royal jelly       |       |       |       |     4 |     5 |     3 |     4 |     5 |       ||    21
       Meat ration       |       |       |       |       |     1 |       |       |     1 |       ||     2
       Fruit             |       |       |       |       |       |     1 |       |       |       ||     1
Armor: Animal skin       |    32 |    25 |   164 |    25 |       |       |       |       |       ||   246
       Troll leather arm |       |       |       |   300 |       |       |       |       |       ||   300
       Chain mail        |       |       |       |   333 |   985 |  1045 |   617 |   470 |       ||  3450
       Scale mail        |       |       |       |       |    72 |       |       |       |       ||    72
       Gold dragon scale |       |       |       |       |       |       |       |   341 |    32 ||   373
Dodge: Dodged            |    71 |    42 |   197 |   401 |   526 |   477 |   421 |   488 |    15 ||  2638
Block: Buckler           |       |    21 |   139 |   358 |   124 |       |       |       |       ||   642
       Large shield      |       |       |       |       |  1071 |  2552 |  2157 |  2556 |    50 ||  8386

Vault maps used:
D:1:      dpeg_arrival_rhombi, serial_aquarium, aquarium_bridge_island_small,
          aquarium_bridge_long_separate, aquarium_window_1, aquarium_window_3,
          aquarium_view_2c, nrook_mini_vaults, supply_closet_lemuel,
          hangedman_decor_clover_reticule, evilmike_ruin_ashenzari
D:2:      grunt_dithmenos_smoke, zin_scriptorium, serial_forest,
          infiniplex_forest_fountain, infiniplex_forest_lined_3,
          infiniplex_forest_lined_room_3, infiniplex_forest_clump_small,
          infiniplex_forest_join, infiniplex_forest_straight_4,
          infiniplex_forest_clump_curved, infiniplex_forest_clump_curved,
          yredelemnul_altar_generic, uniq_robin
D:3:      first_bread, kennysheep_generic_room_8, uniq_sigmund
D:4:      nicolae_tso_besieged_by_evil
D:5:      marbit_many_paths
D:6:      overflow_temple_1_default, nicolae_qazlal_style_of_elements,
          xom_redecorated, minmay_fountain_box, uniq_blork_the_orc,
          uniq_menkaure, uniq_crazy_yiuf_cottage
D:7:      nicolae_ru_awakened_eye, minmay_temple_entry_statues_fountains
D:8:      serial_shops, shop, kennysheep_pointless_box
D:9:      cheibrodos_frozen_isle, lair_entry_dummy
D:10:     minmay_orc_entry_temple_large, grunt_livestock, solitary_fountain
D:12:     nicolae_trove_entry_columns, basic_altar
D:13:     hangedman_vaults_entry_quadrant_bands
D:14:     minivault_19, serial_shops, kennysheep_mini, uniq_urug
D:15:     gammafunk_depths_entry_grave, nrook_mini_backslash
Lair:1:   nicolae_volcano_entry_batcave, st_stairs_10
Lair:2:   grunt_forest_small_clearing_treed
Lair:3:   spider_nest_entry_web_field
Lair:4:   swamp_mist, special_room, dpeg_oklob_1, uniq_josephine
Lair:5:   nicolae_slime_entry_slimehenge, serial_bayou_crossing
Lair:6:   cheibrodos_lair_end_hotspot
Swamp:1:  evilmike_swamp_ruin_rubble_2
Swamp:2:  nicolae_swamp_very_dense_foliage
Swamp:3:  evilmike_swamp_ruin_house_2, uniq_aizul
Swamp:4:  swamp_pestilence, infiniplex_staircase_pool
Spider:1: minmay_another_anthill
Spider:2: uniq_asterion
Spider:3: guppyfry_hornet_nest, uniq_agnes, uniq_arachne, uniq_nikola
Spider:4: floodkiller_spider_rune_tomb
Orc:2:    grunt_orc_community_town_hall, grunt_orc_community_big_house_2,
          grunt_orc_community_big_house_2, grunt_orc_community_house_2,
          grunt_orc_community_house_2, grunt_orc_community_house_3,
          grunt_orc_community_house_2, grunt_orc_community_house_2, uniq_donald,
          uniq_snorg
Vaults:1: v_misc_24, v_misc_3, nicolae_vaults_ninety_degrees,
          ontoclasm_vaults_ring_small, nicolae_vaults_what_the_h,
          nicolae_vaults_diagonal_hallway_7, ontoclasm_vaults_chip, v_misc_19,
          v_misc_11, nicolae_vaults_asterisk, grunt_vaults_focal,
          nicolae_vaults_big_ls
Vaults:2: ontoclasm_vaults_hangar, ontoclasm_vaults_gateway,
          ontoclasm_vaults_pinch, nicolae_vaults_fighting_squares,
          nicolae_vaults_mini_display_case, nicolae_vaults_little_squares_6,
          v_misc_30, hangedman_vaults_cutoff, grunt_vaults_diagonal,
          vaults_dpeg_hooks, v_misc_24, minmay_crypt_entry_nasty_monster,
          vaults_room_large_hall, v_misc_16, grunt_vaults_hallway_short,
          uniq_bai_suzhen
Vaults:3: hangedman_vaults_restitches, vaults_dpeg_spiral, v_misc_17,
          hangedman_vaults_maws, nicolae_vaults_network_star,
          nicolae_vaults_network_quinsquares, nicolae_vaults_little_squares_2,
          v_pattern_1, nicolae_vaults_twisting_passages, st_more_cells,
          uniq_margery
Vaults:4: nicolae_vaults_network_periphery, nicolae_vaults_specimen_jars,
          v_alt_pattern_3, v_misc_18, hangedman_vaults_stagger,
          nicolae_vaults_ring_of_whatevers, serial_shops, nicolae_shop_trees
Vaults:5: serial_shops
Depths:1: grunt_hell_entry_dis_mu, serial_shops, shop, minmay_misc_feat_chi,
          nicolae_sextant, serial_bayou_pond_d, grunt_ministairs_14,
          lightli_church_of_beogh
Depths:2: minmay_crescents, abyss_entry_small_statue_room, hell_entry,
          serial_bayou_shore_b, infiniplex_staircase_diamond,
          grunt_megastairs_4, serial_bayou_shore_b
Depths:3: onia_ninara_swampy_vault, enter_ziggurat_f, hell_entry,
          grunt_decor_arrowhead, rand_demon_pan_entry_9, st_stairs_10,
          grunt_megastairs_2
Depths:4: hangedman_spin_cycle, hell_entry, abyss_entry

Notes
Turn   | Place    | Note
-------+----------+-------------------------------------------
     0 | D:1      | Jazqa the Gargoyle Berserker began the quest for the Orb.
     0 | D:1      | Reached XP level 1. HP: 14/14 MP: 1/1
   110 | D:1      | Reached XP level 2. HP: 16/19 MP: 2/2
   161 | D:1      | Found a shattered altar of Ashenzari.
   682 | D:1      | Reached skill level 4 in Maces & Flails
   880 | D:2      | Found a basalt altar of Yredelemnul.
   955 | D:2      | Found a glowing silver altar of Zin.
   989 | D:2      | Reached XP level 3. HP: 20/23 MP: 3/3
  1115 | D:2      | Noticed Robin
  1138 | D:2      | Killed Robin
  1157 | D:2      | Reached ** piety under Trog
  1253 | D:2      | Reached XP level 4. HP: 23/28 MP: 4/4
  1278 | D:2      | Found a shadowy altar of Dithmenos.
  1317 | D:2      | Reached skill level 5 in Maces & Flails
  1824 | D:2      | Reached skill level 1 in Shields
  1912 | D:3      | Noticed Sigmund
  1925 | D:3      | Killed Sigmund
  1925 | D:3      | Reached skill level 3 in Shields
  1925 | D:3      | Reached XP level 5. HP: 13/32 MP: 5/5
  1925 | D:3      | Reached XP level 6. HP: 15/37 MP: 6/6
  2169 | D:3      | Noticed Folque's ghost (weakling TeCj)
  2176 | D:3      | Killed Folque's ghost
  2176 | D:3      | Reached skill level 6 in Maces & Flails
  2881 | D:4      | Reached skill level 4 in Shields
  2889 | D:4      | Reached XP level 7. HP: 20/41 MP: 7/7
  3026 | D:4      | Found a glowing golden altar of the Shining One.
  3026 | D:4      | Noticed AdmiralAndromeda's ghost (weakling HaHu)
  3031 | D:4      | Killed AdmiralAndromeda's ghost
  3263 | D:4      | Reached skill level 5 in Shields
  3271 | D:4      | Reached skill level 7 in Maces & Flails
  3709 | D:5      | Entered Level 5 of the Dungeon
  3718 | D:5      | Noticed a yak
  3724 | D:5      | Noticed a yak
  3725 | D:5      | Noticed a yak
  3730 | D:5      | Reached *** piety under Trog
  3735 | D:5      | Killed a yak
  3735 | D:5      | Reached skill level 6 in Shields
  3735 | D:5      | Reached XP level 8. HP: 46/46 MP: 8/8
  3741 | D:5      | Killed a yak
  3741 | D:5      | Reached skill level 8 in Maces & Flails
  3745 | D:5      | Killed a yak
  3871 | D:5      | Reached skill level 4 in Fighting
  3878 | D:5      | Reached skill level 9 in Maces & Flails
  4152 | D:5      | Found a radiant altar of Vehumet.
  4810 | D:6      | Reached skill level 5 in Fighting
  4810 | D:6      | Reached XP level 9. HP: 51/54 MP: 9/9
  4926 | D:6      | Received a gift from Trog
  5075 | D:6      | Found a shimmering altar of Xom.
  5076 | D:6      | Found a shimmering altar of Xom.
  5078 | D:6      | Found a shimmering altar of Xom.
  5086 | D:6      | Found a shimmering altar of Xom.
  5086 | D:6      | Found a shimmering altar of Xom.
  5087 | D:6      | Found a shimmering altar of Xom.
  5087 | D:6      | Found a shimmering altar of Xom.
  5088 | D:6      | Found a shimmering altar of Xom.
  5096 | D:6      | Found a stormy altar of Qazlal.
  5120 | D:6      | Noticed Blork the orc
  5127 | D:6      | Killed Blork the orc
  5252 | D:6      | Reached skill level 6 in Fighting
  5286 | D:6      | Found an iron altar of Okawaru.
  5322 | D:6      | Noticed Menkaure
  5329 | D:6      | Killed Menkaure
  5329 | D:6      | Reached skill level 10 in Maces & Flails
  5643 | D:6      | Found a runed door.
  5647 | D:6      | Noticed Crazy Yiuf
  5652 | D:6      | Killed Crazy Yiuf
  5652 | D:6      | Reached **** piety under Trog
  5936 | D:7      | Reached skill level 7 in Fighting
  5990 | D:7      | Found a sacrificial altar of Ru.
  6206 | D:7      | Found a staircase to the Ecumenical Temple.
  6631 | D:8      | Reached skill level 8 in Fighting
  6754 | D:8      | Reached XP level 10. HP: 48/64 MP: 10/10
  6864 | D:8      | Reached skill level 11 in Maces & Flails
  6973 | D:9      | Reached ***** piety under Trog
  7088 | D:9      | Found a staircase to the Lair.
  7113 | D:9      | Reached skill level 9 in Fighting
  7133 | D:9      | Noticed an ice statue
  7666 | D:9      | Killed an unseen horror
  7903 | Lair:1   | Entered Level 1 of the Lair of Beasts
  7939 | Lair:1   | Noticed a torpor snail
  7947 | Lair:1   | Reached skill level 10 in Fighting
  7963 | Lair:1   | Killed a torpor snail
  7963 | Lair:1   | Reached skill level 12 in Maces & Flails
  8061 | Lair:1   | Reached XP level 11. HP: 73/73 MP: 11/11
  8417 | Lair:1   | Reached skill level 11 in Fighting
  8539 | Lair:1   | Found a dark tunnel.
  8836 | Lair:2   | Reached skill level 13 in Maces & Flails
  9378 | Lair:2   | Reached skill level 12 in Fighting
  9869 | Lair:3   | Noticed a four-headed hydra
  9875 | Lair:3   | Killed a four-headed hydra
  9875 | Lair:3   | Reached skill level 3 in Armour
 10006 | Lair:3   | Found a hole to the Spider Nest.
 10064 | Lair:3   | Noticed a six-headed hydra
 10073 | Lair:3   | Killed a six-headed hydra
 10073 | Lair:3   | Reached skill level 4 in Armour
 10082 | Lair:3   | Reached XP level 12. HP: 72/82 MP: 12/12
 10714 | Lair:4   | Noticed a catoblepas
 10735 | Lair:3   | Reached skill level 5 in Armour
 10957 | Lair:4   | Killed a catoblepas
 10966 | Lair:4   | Received a gift from Trog
 10980 | Lair:4   | Reached skill level 14 in Maces & Flails
 10990 | Lair:4   | Reached skill level 13 in Fighting
 10990 | Lair:4   | Reached skill level 6 in Armour
 11322 | Lair:4   | Noticed Josephine
 11347 | Lair:4   | Killed Josephine
 11363 | Lair:4   | Reached skill level 7 in Armour
 11517 | Lair:4   | Found a staircase to the Swamp.
 11683 | Lair:4   | Noticed a five-headed hydra
 11697 | Lair:4   | Killed a five-headed hydra
 12180 | Lair:4   | Identified a scroll of acquirement
 12482 | Lair:5   | Reached skill level 8 in Armour
 12572 | Lair:5   | Found a staircase to the Slime Pits.
 13059 | Lair:6   | Entered Level 6 of the Lair of Beasts
 13086 | Lair:6   | Reached skill level 14 in Fighting
 13109 | Lair:6   | Reached XP level 13. HP: 83/90 MP: 13/13
 13298 | Lair:6   | Reached skill level 9 in Armour
 13624 | Lair:6   | Received a gift from Trog
 13729 | Lair:6   | Reached skill level 10 in Armour
 13982 | Lair:6   | Noticed a fire dragon
 13989 | Lair:6   | HP: 8/91 [molten gargoyle/bolt of magma (28)]
 13997 | Lair:6   | Found a large runed door.
 14147 | Lair:6   | Reached skill level 15 in Fighting
 15074 | Lair:6   | Reached skill level 11 in Armour
 15747 | Lair:6   | Gained mutation: Your large and strong wings let you fly indefinitely. [Gargoyle growth]
 15747 | Lair:6   | Reached XP level 14. HP: 78/99 MP: 4/14
 15872 | Lair:6   | Received a gift from Trog
 15872 | Lair:6   | Found a large runed door.
 16188 | Lair:3   | Reached skill level 2 in Dodging
 16276 | D:10     | Entered Level 10 of the Dungeon
 16298 | D:10     | Reached skill level 16 in Fighting
 16444 | D:10     | Reached skill level 12 in Armour
 17080 | D:10     | Found a staircase to the Orcish Mines.
 17089 | D:10     | Found a roughly hewn altar of Beogh.
 17125 | D:10     | Received a gift from Trog
 17680 | Orc:1    | Entered Level 1 of the Orcish Mines
 17700 | Orc:1    | Reached skill level 3 in Dodging
 17983 | Orc:2    | Entered Level 2 of the Orcish Mines
 17983 | Orc:2    | Found a staircase to the Elven Halls.
 18265 | Orc:2    | Found a roughly hewn altar of Beogh.
 18278 | Orc:2    | Found Noopleri's Weapon Shoppe.
 18482 | Orc:2    | Found a roughly hewn altar of Beogh.
 18491 | Orc:2    | Found Kukunen's Armour Shop.
 18524 | Orc:2    | Bought a +2 scale mail of fire resistance for 273 gold pieces
 18524 | Orc:2    | Bought a +2 large shield of protection for 279 gold pieces
 18753 | Orc:2    | Noticed an orc warlord
 18767 | Orc:2    | Paralysed by an orc sorcerer for 4 turns
 18780 | Orc:2    | Reached ****** piety under Trog
 18814 | Orc:2    | Killed an orc warlord
 18817 | Orc:2    | Paralysed by an orc sorcerer for 7 turns
 18845 | Orc:2    | Noticed Donald
 18848 | Orc:2    | Received a gift from Trog
 18925 | Orc:2    | Noticed Snorg
 18934 | Orc:2    | Killed Snorg
 18934 | Orc:2    | Reached skill level 4 in Dodging
 18939 | Orc:2    | Killed Donald
 19214 | Orc:2    | Found Paestridd's Antique Armour Shop.
 19215 | Orc:2    | Found a roughly hewn altar of Beogh.
 19216 | Orc:2    | Found Seiqeod's Antique Weapon Boutique.
 19229 | Orc:2    | Bought a runed chain mail for 142 gold pieces
 19229 | Orc:2    | Bought a pair of glowing boots for 142 gold pieces
 19275 | Orc:2    | Found a roughly hewn altar of Beogh.
 19289 | Orc:2    | Found a roughly hewn altar of Beogh.
 19496 | Orc:2    | Found a roughly hewn altar of Beogh.
 19553 | Orc:2    | Found a roughly hewn altar of Beogh.
 19851 | D:11     | Reached skill level 7 in Shields
 19852 | D:11     | Received a gift from Trog
 21156 | D:12     | Received a gift from Trog
 21199 | D:12     | Found a shimmering altar of Xom.
 21302 | D:12     | Reached skill level 5 in Dodging
 21302 | D:12     | Reached XP level 15. HP: 106/106 MP: 15/15
 21311 | D:12     | Reached skill level 13 in Armour
 21474 | D:12     | Found a portal to a secret trove of treasure.
 21977 | Swamp:1  | Entered Level 1 of the Swamp
 22171 | Swamp:1  | Reached skill level 8 in Shields
 22239 | Swamp:1  | Reached skill level 17 in Fighting
 22929 | Swamp:2  | Received a gift from Trog
 22946 | Swamp:2  | You are sucked into a shaft!
 23280 | Swamp:3  | Noticed Aizul
 23289 | Swamp:3  | Killed Aizul
 23294 | Swamp:3  | Reached skill level 9 in Shields
 23970 | Swamp:2  | Reached skill level 15 in Maces & Flails
 24008 | Swamp:2  | Received a gift from Trog
 24105 | Swamp:2  | Noticed a thorn hunter
 24113 | Swamp:2  | Killed a thorn hunter
 24159 | Swamp:2  | Reached skill level 10 in Shields
 24512 | Swamp:4  | Entered Level 4 of the Swamp
 24854 | Swamp:4  | Noticed a bone dragon
 24869 | Swamp:4  | Killed a bone dragon
 24869 | Swamp:4  | Reached skill level 11 in Shields
 24871 | Swamp:4  | Received a gift from Trog
 25007 | Swamp:4  | Got a decaying rune of Zot
 25158 | Swamp:4  | Reached XP level 16. HP: 86/112 MP: 16/16
 25745 | Spider:1 | Entered Level 1 of the Spider Nest
 25872 | Spider:1 | Received a gift from Trog
 25962 | Spider:1 | Reached skill level 16 in Maces & Flails
 26049 | Spider:1 | Reached skill level 12 in Shields
 26893 | Spider:2 | Reached skill level 13 in Shields
 26967 | Spider:2 | Received a gift from Trog
 26988 | Spider:2 | Noticed Asterion
 27002 | Spider:2 | Killed Asterion
 27576 | Spider:2 | Reached skill level 14 in Shields
 27786 | Spider:3 | Noticed Agnes
 27798 | Spider:3 | Killed Agnes
 27874 | Spider:3 | Noticed Nikola
 27896 | Spider:3 | Killed Nikola
 27997 | Spider:3 | Noticed Arachne
 28012 | Spider:3 | Killed Arachne
 28122 | Spider:3 | Received a gift from Trog
 28137 | Spider:3 | Reached XP level 17. HP: 116/117 MP: 17/17
 28447 | Spider:4 | Entered Level 4 of the Spider Nest
 28449 | Spider:4 | Reached skill level 14 in Armour
 28473 | Spider:4 | Reached skill level 15 in Shields
 29206 | Spider:4 | Identified a potion of resistance
 29843 | Spider:4 | Received a gift from Trog
 30123 | Spider:4 | Reached skill level 15 in Armour
 30293 | Spider:4 | Reached skill level 16 in Shields
 30593 | Spider:4 | Got a gossamer rune of Zot
 30972 | D:13     | Reached skill level 18 in Fighting
 30979 | D:13     | Reached XP level 18. HP: 125/125 MP: 18/18
 30985 | D:13     | Received a gift from Trog
 31453 | D:13     | Found a gate to the Vaults.
 31820 | Vaults:1 | Entered Level 1 of the Vaults
 31827 | Vaults:1 | Received a gift from Trog
 31989 | Vaults:1 | Reached skill level 6 in Dodging
 32460 | Vaults:1 | Received a gift from Trog
 32471 | Vaults:1 | Reached skill level 16 in Armour
 33222 | Vaults:1 | Reached skill level 17 in Shields
 33328 | Vaults:1 | Reached skill level 7 in Dodging
 33800 | Vaults:2 | Received a gift from Trog
 33870 | Vaults:2 | Reached XP level 19. HP: 132/132 MP: 19/19
 34390 | Vaults:2 | Noticed Bai Suzhen
 34404 | Vaults:2 | Killed Bai Suzhen
 34470 | Vaults:2 | Noticed a lich
 34477 | Vaults:2 | Killed a lich
 34480 | Vaults:2 | Found a staircase to the Crypt.
 34515 | Vaults:2 | Reached skill level 8 in Dodging
 34592 | Vaults:2 | Reached skill level 19 in Fighting
 34662 | Vaults:2 | Received a gift from Trog
 34965 | Vaults:3 | Noticed Margery
 35017 | Vaults:3 | Killed Margery
 35052 | Vaults:3 | Reached skill level 17 in Armour
 35062 | Vaults:3 | HP: 9/133 [deep elf archer/arrow (22)]
 35062 | Vaults:3 | HP: 4/133 [deep elf archer/arrow (5)]
 35923 | Vaults:3 | Reached skill level 18 in Shields
 36055 | Vaults:3 | Reached skill level 9 in Dodging
 36228 | Vaults:3 | Reached XP level 20. HP: 137/139 MP: 20/20
 36363 | Vaults:3 | Received a gift from Trog
 37082 | Vaults:3 | Received a gift from Trog
 37874 | Vaults:4 | Received a gift from Trog
 38140 | Vaults:4 | Reached skill level 10 in Dodging
 38534 | Vaults:4 | Reached skill level 20 in Fighting
 38803 | Vaults:4 | Reached skill level 18 in Armour
 38955 | Vaults:4 | Received a gift from Trog
 39181 | Vaults:4 | Reached XP level 21. HP: 132/146 MP: 21/21
 39186 | Vaults:4 | Reached skill level 19 in Shields
 39394 | Vaults:4 | Found Igrelaiw's Jewellery Boutique.
 39397 | Vaults:4 | Bought an uncursed ring of protection from magic for 500 gold pieces
 39543 | Vaults:5 | Entered Level 5 of the Vaults
 39835 | D:14     | Noticed Urug
 39849 | D:14     | Killed Urug
 39941 | D:14     | Found Gucw's Antique Armour Boutique.
 39946 | D:14     | Bought a citrine-encrusted ring mail for 252 gold pieces
 39946 | D:14     | Identified the cursed +0 ring mail of the Lumpy Coins {+Blink Int+3} (You bought it in a shop on level 14 of the Dungeon)
 40725 | D:15     | Entered Level 15 of the Dungeon
 41027 | D:15     | Found a staircase to the Depths.
 41217 | D:15     | Received a gift from Trog
 41666 | Depths:1 | Entered Level 1 of the Depths
 41860 | Depths:1 | Found Izxullan's Book Emporium.
 41871 | Depths:1 | Reached skill level 11 in Dodging
 42167 | Depths:1 | Found a gateway to Hell.
 42476 | Depths:1 | Found a runed door.
 42603 | Depths:1 | Received a gift from Trog
 42627 | Depths:1 | Gained mutation: Scrolls take you a little longer to read. [a neqoxec]
 42637 | Depths:1 | Gained mutation: You expend magic power (3 MP) to strengthen your wands. [a neqoxec]
 42721 | Depths:1 | Found a roughly hewn altar of Beogh.
 43008 | Depths:2 | HP: 9/147 [deep troll (19)]
 43008 | Depths:2 | HP: 2/147 [deep troll (7)]
 43389 | Depths:2 | Noticed a juggernaut
 43888 | Depths:1 | Killed a juggernaut
 44579 | Depths:2 | Got a translucent marble ring
 44582 | Depths:2 | Identified the ring of Zyowkuop {Ice MR+} (You found it on level 2 of the Depths)
 44684 | Depths:2 | Reached XP level 22. HP: 153/153 MP: 22/22
 44690 | Depths:2 | Reached skill level 19 in Armour
 44744 | Depths:2 | Received a gift from Trog
 44764 | Depths:2 | Paralysed by a floating eye for 3 turns
 44770 | Depths:2 | Paralysed by a floating eye for 4 turns
 45051 | Depths:2 | Found a one-way gate to the infinite horrors of the Abyss.
 45082 | Depths:2 | Reached skill level 21 in Fighting
 45625 | Depths:2 | Paralysed by a floating eye for 2 turns
 45658 | Depths:2 | Reached skill level 20 in Shields
 45870 | Depths:2 | Received a gift from Trog
 46329 | Depths:2 | Reached skill level 12 in Dodging
 47018 | Depths:3 | Received a gift from Trog
 47705 | Depths:3 | Found a one-way gate leading to the halls of Pandemonium.
 47940 | Depths:3 | Found a gateway to a ziggurat.
 48014 | Depths:3 | Reached XP level 23. HP: 160/160 MP: 21/23
 48101 | Depths:4 | Paralysed by a floating eye for 3 turns
 48105 | Depths:4 | Received a gift from Trog
 48194 | Depths:4 | Got a warped brass ring
 48202 | Depths:4 | Identified the ring "Giuw" {rF+ MR+} (You found it on level 4 of the Depths)
 48249 | Depths:4 | Noticed Sojobo
 48259 | Depths:4 | Killed Sojobo
 48544 | Depths:4 | Noticed a caustic shrike
 48552 | Depths:4 | Killed a caustic shrike
 48552 | Depths:4 | Reached skill level 20 in Armour
 48604 | Depths:4 | Received a gift from Trog
 48875 | Depths:4 | Reached skill level 13 in Dodging
 48876 | Depths:4 | Paralysed by a floating eye for 2 turns
 48893 | Depths:4 | Noticed a caustic shrike
 48898 | Depths:4 | Killed a caustic shrike
 48911 | Depths:4 | Reached skill level 22 in Fighting
 48936 | Depths:4 | Found Cabbi's Food Boutique.
 48941 | Depths:4 | HP: 11/162 [ogre mage/crystal spear (12)]
 49630 | Depths:4 | Reached skill level 21 in Shields
 49888 | Depths:4 | Got a heavily runed turquoise ring
 49955 | Depths:4 | Found Piapnosm's Gadget Boutique.
 49973 | Depths:4 | Noticed a golden dragon
 49987 | Depths:4 | Killed a golden dragon
 50054 | Depths:4 | Identified the ring of Zigynur {+Fly MR+ Str+4 Int+3 Dex+3} (You took it off a vampire knight on level 4 of the Depths)
 50178 | Depths:4 | Received a gift from Trog
 50199 | Depths:4 | Identified the +5 mace of Coej {flame, MR- Str+4} (Trog gifted it to you on level 4 of the Depths)
 50285 | Depths:4 | Got a faintly glowing tin ring
 50291 | Depths:4 | Identified the ring "Lofrux" {Fire MR+ Int+4 Dex+4} (You found it on level 4 of the Depths)
 51027 | Vaults:4 | Reached XP level 24. HP: 169/169 MP: 23/23
 51324 | Vaults:5 | Got a scorched granite ring
 51326 | Vaults:5 | Identified the ring of Uplu {rElec rN+ Int+3 Stlth+} (You found it on level 5 of the Vaults)
 51434 | Vaults:5 | Noticed an ancient lich
 51443 | Vaults:5 | Received a gift from Trog
 52676 | Vaults:4 | Received a gift from Trog
 52676 | Vaults:4 | Reached skill level 21 in Armour
 52754 | Vaults:5 | Reached skill level 14 in Dodging
 53912 | Vaults:4 | Killed an ancient lich
 53912 | Vaults:4 | Reached skill level 23 in Fighting
 54192 | Vaults:5 | Reached skill level 22 in Shields
 54304 | Vaults:5 | Received a gift from Trog
 54341 | Vaults:5 | Noticed an ancient lich
 54356 | Vaults:5 | Identified the +11 morningstar of Deformation {drain, *Rage rElec rPois Str-5} (Trog gifted it to you on level 5 of the Vaults)
 54389 | Vaults:5 | Noticed an ancient lich
 54401 | Vaults:5 | Reached XP level 25. HP: 150/176 MP: 23/23
 54420 | Vaults:5 | Killed an ancient lich
 54434 | Vaults:5 | Killed from afar by a titan

Vanquished Creatures
  A juggernaut (Depths:1)
  2 ancient liches
  Sojobo (Depths:4)
  Margery (Vaults:3)
  Bai Suzhen (Vaults:2)
  2 caustic shrikes (Depths:4)
  Nikola (Spider:3)
  4 golden dragons
  Arachne (Spider:3)
  2 tentacled monstrosities (Depths:3)
  A lich (Vaults:2)
  5 titans
  3 quicksilver dragons
  4 sphinxes
  Agnes (Spider:3)
  A thorn hunter (Swamp:2)
  Donald (Orc:2)
  7 shadow dragons
  An ancient champion (Depths:4)
  2 storm dragons
  9 fire giants
  10 tengu reavers
  15 frost giants
  13 vault wardens
  3 ghost moths (Spider:4)
  3 deep elf sorcerers
  A cacodemon (Depths:3)
  Aizul (Swamp:3)
  3 orc warlords
  2 iron dragons
  A spriggan defender (Depths:4)
  4 emperor scorpions
  An angel (Depths:3)
  2 deep elf elementalists (Vaults:5)
  20 stone giants
  5 entropy weavers
  16 ironheart preservers
  A war gargoyle (Vaults:5)
  14 very ugly things
  A deep elf annihilator (Vaults:3)
  5 vampire knights
  A deep elf demonologist (Vaults:4)
  14 spark wasps
  19 ettins
  A small abomination (Vaults:3)
  3 deep elf death magi
  Josephine (Lair:4)
  10 fire dragons
  10 great orbs of eyes
  4 deep elf high priests
  20 yaktaur captains
  4 rakshasas
  12 ice dragons
  A hydra (shapeshifter) (Vaults:3)
  3 spriggan air magi
  35 vault guards
  16 hydras
  3 ghost crabs (Swamp:4)
  2 catoblepae
  12 centaur warriors
  3 death knights
  8 death scarabs (Spider:4)
  9 alligators
  15 ogre magi
  7 tengu warriors
  34 two-headed ogres
  Urug (D:14)
  A queen ant (Spider:1)
  6 deep troll shamans
  2 vampire magi
  9 deep troll earth magi
  A dancing weapon (Vaults:3)
  2 orc high priests
  A queen ant (shapeshifter) (Vaults:5)
  3 hell knights (Vaults:3)
  3 deep elf knights
  A spectral emperor scorpion (Spider:4)
  34 deep trolls
  A spark wasp zombie (Depths:3)
  2 iron trolls (Depths:4)
  A fire crab (shapeshifter) (Vaults:1)
  2 shadow wraiths (Vaults:4)
  A swamp dragon (Depths:3)
  A storm dragon skeleton (Depths:3)
  13 skeletal warriors
  A sea snake (shapeshifter) (Vaults:2)
  3 unseen horrors
  A golden dragon zombie (Depths:2)
  2 wizards (Vaults:3)
  6 glowing orange brains
  A tengu zombie (Depths:3)
  A swamp dragon (shapeshifter) (Vaults:3)
  5 flayed ghosts
  2 spectral hydras (Swamp:4)
  A death drake (Swamp:4)
  4 deep elf archers
  2 infernal demonspawn (Depths:3)
  7 phantasmal warriors
  An orb spider (shapeshifter) (D:14)
  12 orb spiders
  2 spectral wolf spiders (Spider:4)
  14 ironbrand convokers
  12 orc knights
  7 necromancers
  3 wolf spider zombies
  9 harpies
  A lindwurm (Lair:6)
  A shadow dragon skeleton (Vaults:3)
  A frost giant zombie (D:15)
  7 orc sorcerers
  4 cyclopes
  31 wolf spiders
  3 manticores
  18 deep elf magi
  2 moths of wrath (shapeshifter)
  10 elephants
  22 ugly things
  5 black mambas (Lair:6)
  A frost giant skeleton (Vaults:3)
  An iron dragon skeleton (Depths:2)
  2 stone giant skeletons
  3 moths of wrath
  A fire giant skeleton (Vaults:3)
  A black mamba (shapeshifter) (D:13)
  An eye of devastation (shapeshifter) (Vaults:5)
  2 guardian serpents (Depths:4)
  17 vault sentinels
  4 torpor snails
  3 molten gargoyles (Lair:6)
  8 spiny frogs
  A spiny frog (shapeshifter) (Vaults:4)
  An orange demon (Depths:3)
  52 yaktaurs
  3 spectral redbacks (Spider:4)
  2 redback zombies (Spider:4)
  2 rime drakes (Lair:4)
  12 komodo dragons
  3 freezing wraiths
  A spark wasp simulacrum (Depths:2)
  4 tengu conjurers
  11 demonic crawlers
  7 trolls
  24 jumping spiders
  A merfolk (shapeshifter) (Vaults:4)
  27 hornets
  A polar bear (shapeshifter) (Vaults:4)
  A jumping spider (shapeshifter) (Vaults:1)
  3 hydra zombies (Swamp:4)
  5 spectral jumping spiders (Spider:4)
  A polar bear (Lair:6)
  3 tyrant leeches
  A meliai zombie (D:14)
  A shadow dragon simulacrum (Vaults:3)
  4 spectral tarantellas (Spider:4)
  10 bog bodies
  A tengu simulacrum (Vaults:3)
  8 blink frogs (Lair:6)
  4 spectral swamp dragons (Swamp:4)
  2 iron dragon simulacra
  An alligator zombie (Swamp:4)
  11 hippogriffs
  A stone giant simulacrum (Vaults:3)
  19 slime creatures
  3 dream sheep (Lair:1)
  A frost giant simulacrum (Vaults:3)
  A hippogriff (shapeshifter) (Vaults:2)
  A jumping spider zombie (Spider:4)
  2 tarantella zombies (Spider:4)
  5 air elementals
  Sigmund (D:3)
  7 spriggans
  A ynoxinul (Depths:3)
  3 shadows
  An ice dragon skeleton (D:15)
  54 redbacks
  A human (D:10)
  8 wyverns
  A hog (shapeshifter) (D:13)
  A vampire (D:15)
  8 wraiths
  A yak (shapeshifter) (Depths:4)
  33 yaks
  4 hogs (D:10)
  31 tarantellas
  2 human simulacra (Vaults:3)
  3 fire bats (Lair:1)
  17 vampire mosquitoes
  7 basilisks
  3 steam dragons
  Menkaure (D:6)
  13 insubstantial wisps
  A spriggan simulacrum (Depths:2)
  24 swamp worms
  2 nagas (shapeshifter)
  12 water moccasins
  8 wargs
  6 porcupines
  A warg (shapeshifter) (Vaults:1)
  16 soldier ants
  An acid dragon (Vaults:1)
  4 floating eyes
  4 hell hounds (Lair:6)
  3 black bears
  3 sky beasts
  2 hornet zombies
  4 phantoms
  2 swamp dragon zombies (Swamp:4)
  5 ice beasts
  39 orc warriors
  A black bear (shapeshifter) (Vaults:5)
  7 swamp drakes
  2 eyes of draining (D:12)
  8 boggarts
  38 centaurs
  2 necrophages
  9 wolves (Lair:1)
  12 crocodiles
  40 ogres
  An elf simulacrum (Depths:3)
  6 big kobolds
  Blork the orc (D:6)
  A wyvern zombie (D:10)
  12 bullfrogs
  A yaktaur skeleton (D:15)
  4 scorpions
  A wyvern skeleton (D:13)
  10 killer bees
  2 howler monkeys (D:12)
  9 wights
  The ghost of AdmiralAndromeda the Vandal, a weakling HaHu (D:4)
  2 electric eels
  4 lava snakes (Lair:6)
  The ghost of Folque the Conjurer, a weakling TeCj (D:3)
  8 crimson imps
  5 centaur zombies
  2 bullfrog zombies
  Crazy Yiuf (D:6)
  7 hounds
  28 orc wizards
  4 centaur skeletons
  27 orc priests
  An iron imp (Depths:1)
  4 jellies
  3 bullfrog skeletons
  8 iguanas
  32 worker ants
  A hound zombie (D:10)
  A hound skeleton (D:7)
  A worker ant zombie (D:7)
  Robin (D:2)
  A howler monkey skeleton (D:9)
  A swamp drake zombie (Swamp:4)
  15 adders
  7 shadow imps
  5 oozes
  4 worms
  A dart slug (D:1)
  7 leopard geckos
  110 orcs
  2 ball pythons
  3 bats
  3 giant cockroaches
  8 goblins
  10 hobgoblins
  6 jackals
  7 quokkas
  5 frilled lizards
  3 goblin skeletons (D:4)
  2 hobgoblin zombies (D:4)
  A jackal skeleton (D:4)
  20 kobolds
  A kobold skeleton (D:4)
  A kobold zombie (D:4)
  A leopard gecko skeleton (D:7)
  An orc zombie (D:4)
  A quokka skeleton (D:6)
  7 rats
  A briar patch (Swamp:2)
  A crawling corpse (Vaults:3)
  A plant (D:2)
1873 creatures vanquished.

Vanquished Creatures (collateral kills)
  A bone dragon (Swamp:4)
  A sphinx (Vaults:4)
  A spriggan defender (Depths:4)
  A very ugly thing (Vaults:4)
  A stone giant (Vaults:3)
  A deep elf death mage (Depths:4)
  Snorg (Orc:2)
  A great orb of eyes (Depths:2)
  A vault guard (Vaults:4)
  A hydra (shapeshifter) (Vaults:3)
  An ogre mage (Vaults:1)
  2 two-headed ogres (Vaults:3)
  A deep elf knight (Depths:4)
  2 ironbrand convokers (Vaults:1)
  2 harpies
  2 orc knights (Vaults:1)
  A deep elf mage (Depths:4)
  An orc sorcerer (Vaults:1)
  A vault sentinel (Vaults:1)
  2 black mambas (Lair:6)
  A swamp worm zombie (Swamp:4)
  A komodo dragon (Lair:6)
  2 hornets
  A hydra zombie (Swamp:4)
  A bog body (Swamp:4)
  3 alligator zombies (Swamp:4)
  A spectral swamp dragon (Swamp:4)
  A wyvern (Lair:6)
  A steam dragon (Lair:6)
  2 insubstantial wisps (Swamp:4)
  A swamp dragon zombie (Swamp:4)
  4 phantoms (Swamp:4)
  A centaur (Vaults:1)
  A lava snake (Lair:6)
  3 orc priests (Vaults:1)
  5 orcs
54 creatures vanquished.

Vanquished Creatures (others)
  Asterion (Spider:2)
  An entropy weaver (Spider:3)
  A deep elf death mage (Vaults:5)
  A wolf spider (Spider:3)
  An air elemental (Depths:2)
  2 redbacks (Spider:3)
  2 tarantellas (Spider:3)
  A hog (shapeshifter) (Vaults:5)
  2 insubstantial wisps (Swamp:4)
  A water moccasin (Lair:5)
  A phantom (Swamp:4)
  An orc warrior (Depths:1)
  An ogre (Vaults:4)
  2 orc wizards
  5 orcs
  13 fungi (Lair:6)
  10 plants
  5 withered plants (D:15)
51 creatures vanquished.

Grand Total: 1978 creatures vanquished
